Gwen, neutral male human Healer ---------- |........| |........| |........| |........| ---------------- -------------- |.*.......## |...............# |>.*.........| ------|---# |..............|# |..........|.| ## ## ##-..............|#############..f@.........| # # # |..............| -----+-------- ##### # ### ---------------- ----- # # # ## |..<+`################## |...| # # # ### |...-## # # # |...| ### #### |.`..######-------## ----- #-......## #|.....| #------- Gwen the Empiric Experience level: 3 Strength: 11 Dexterity: 8 Constitution: 15 Intelligence: 8 Wisdom: 18 Charisma: 16 Health: 0(32) Energy: 27(27) Def: 3 Gold: 1495 Moves: 2093 Dungeon seed: sxW7O-iltJ3tvCT6 Game ID: Gwen_1430327834 Your Inventory: Coins $ - 1495 gold pieces Weapons a - a blessed +1 scalpel (weapon in hand) p - an uncursed +0 mace Armor e - an uncursed +1 pair of leather gloves (being worn) q - an uncursed +0 orcish helm (being worn) Comestibles k - 12 blessed eucalyptus leaves l - 7 uncursed apples C - an uncursed eucalyptus leaf G - an uncursed sprig of wolfsbane Scrolls z - a cursed scroll of fire I - a cursed scroll of taming Spellbooks h - a blessed spellbook of healing i - a blessed spellbook of extra healing j - a blessed spellbook of stone to flesh Potions c - 4 uncursed potions of healing f - a blessed potion of extra healing H - a cursed potion of extra healing Rings n - an uncursed ring of levitation Wands r - an uncursed wand of slow monster (0:5) F - an uncursed wand of lightning (0:5) Tools b - an uncursed stethoscope t - an uncursed bag of holding v - an uncursed oil lamp (0:1311) Gems y - 3 uncursed rocks Spells known in the end: Name Level Category Fail Memory a - healing 1 healing 0% 90% b - extra healing 3 healing 0% 90% c - stone to flesh 3 healing 22% 90% Your skills at the end: Fighting Skills Weapon Skills knife [Basic] Spellcasting Skills healing spells [Basic] Final Attributes: You were devoutly aligned. You were poison resistant. You were lucky. You are dead. Vanquished creatures: 2 floating eyes an iguana a red mold a gnome zombie 3 geckos 7 jackals a fox a kobold 5 goblins a sewer rat 6 grid bugs 2 lichens a kobold zombie 7 newts 39 creatures vanquished. Voluntary challenges: You used a wielded weapon 33 times, starting on turn 14. You read items or engraved 4 times, starting on turn 39. You never genocided any monsters. You never polymorphed an object. You never changed form. You used no wishes. You never split a pudding. You never wrote Elbereth's name. You never violated your personal moral code. Dungeon overview: The Dungeons of Doom: levels 1 to 5 Level 1 (Large box to unlock) an altar to Athena , a fountain a long staircase Level 2 Level 3 a general store, an altar to Athena Level 4 Level 5 <- You were here History has recorded: On T:1 you entered the Dungeons of Doom to retrieve the Amulet of Yendor! On T:610 you reached level 2 of The Dungeons of Doom. On T:781 you reached level 3 of The Dungeons of Doom. On T:1176 you reached level 4 of The Dungeons of Doom. On T:1701 you advanced to experience level 2. On T:1875 you reached level 5 of The Dungeons of Doom. On T:2093 you advanced to experience level 3. Score breakdown: Gold: 303 ( 8445 points) Experience: 3 levels ( 7878 points) Exploration: 5 levels ( 11.11%) ( 9045 points) Discoveries: 7 items ( 2.39%) ( 4636 points) Valuables value: (no points given unless you survive) Artifact value: 0 ( 0 points) Variety of kills: 14 monsters ( 3.69%) ( 5765 points) Time penalty: 2093 turns ( -68 points) Survival: died (score multiplied by 80%) Total score: 28560 Latest messages: You kill the floating eye! Welcome to experience level 3. The bolt of lightning bounces! The bolt of lightning hits you! Your wand of sleep breaks apart and explodes! You die... The bag of holding is empty. The bag of holding is empty. Final status: Goodbye Gwen the Healer, killed by a bolt of lightning... You died in The Dungeons of Doom on dungeon level 5 with 28560 points, and 1495 pieces of gold, after 2093 moves. You were level 3 with a maximum of 32 hit points when you died.